 Dungeon Crawl Stone Soup version 0.29-a0-617-g7a6b98fccd (webtiles) character file.

Game seed: 10938554463454968250

2458 frimble the Cudgeller (level 9, -1/65 (68) HPs)
             Began as a Gnoll Wanderer on June 17, 2022.
             Succumbed to a redback's poison
             ... on level 8 of the Dungeon.
             The game lasted 00:08:34 (6275 turns).

frimble the Cudgeller (Gnoll Wanderer)              Turns: 6275, Time: 00:08:35

HP:   -1/65 (68)    AC:  6    Str: 16    XL:     9   Next: 50%
MP:   15/15         EV: 13    Int: 14    God:
Gold: 249           SH:  8    Dex: 15    Spells: 11/16 levels left

rFire   + . .      SeeInvis .   v - +8 flail of Light {chaos, rC+}
rCold   + . .      Faith    .   z - +3 buckler
rNeg    . . .      Spirit   .   e - +0 leather armour
rPois   .          Reflect  .   (no helmet)
rElec   .          Harm     .   (no cloak)
rCorr   .          Rampage  .   (no gloves)
Will    .....                   B - +2 pair of boots of Tofez {rF+}
Stlth   ++........              r - amulet of regeneration
HPRegen 1.00/turn               u - +6 ring of dexterity
MPRegen 0.14/turn               (no ring)

@: brilliant, lethally poisoned (-1 -> -12), on blink cooldown, flying, lightly
drained
A: fangs 1, strong nose, distributed training
a: no special abilities


You were on level 8 of the Dungeon.
You visited 1 branch of the dungeon, and saw 8 of its levels.
You also visited: Ossuary.

You collected 474 gold pieces.
You spent 225 gold pieces at shops.

Inventory:

Hand Weapons
 a - a +2 mace
 b - a +0 hand crossbow
 v - the +8 flail of Light (weapon) {chaos, rC+}
   (You found it on level 4 of the Dungeon)

   Each time it hits an enemy it has a different, random effect.
   rC:        It protects you from cold.
Missiles
 s - 2 throwing nets
Armour
 e - a +0 leather armour (worn)
 z - a +3 buckler (worn)
 B - the +2 pair of boots of Tofez (worn) {rF+}
   (You found it on level 4 of the Dungeon)

   rF:        It protects you from fire.
Jewellery
 r - an amulet of regeneration (around neck)
 u - a +6 ring of dexterity (left hand)
 w - a ring of ice
 C - a ring of see invisible
 D - a ring of protection from fire
 E - a ring of fire
 G - a ring of magical power
 K - a ring of protection from fire
 L - a ring of protection from cold
Wands
 c - a wand of flame (2) (quivered)
 F - a wand of quicksilver (19)
 J - a wand of polymorph (10)
Scrolls
 d - 4 scrolls of fog
 g - 2 scrolls of enchant armour
 h - a scroll of silence {unknown}
 k - 10 scrolls of identify
 l - 4 scrolls of teleportation
 n - a scroll of torment {unknown}
 o - 2 scrolls of brand weapon
 q - 4 scrolls of amnesia
 x - a scroll of vulnerability {unknown}
 y - 2 scrolls of magic mapping
 H - a scroll of immolation {unknown}
 I - a scroll of fear
Potions
 f - 2 potions of magic
 i - a potion of attraction {unknown}
 j - a potion of flight
 m - a potion of brilliance
 p - 7 potions of heal wounds {unknown}
 t - a potion of ambrosia {unknown}
 A - 2 potions of haste


   Skills:
 + Level 5.1 Fighting
 + Level 4.3 Short Blades
 + Level 4.3 Long Blades
 + Level 4.3 Axes
 + Level 7.9 Maces & Flails
 + Level 4.3 Polearms
 + Level 4.3 Staves
 + Level 4.3 Slings
 + Level 4.3 Bows
 + Level 6.3 Crossbows
 + Level 4.3 Throwing
 + Level 5.1 Armour
 + Level 5.1 Dodging
 + Level 4.3 Stealth
 + Level 4.3 Shields
 + Level 4.3 Unarmed Combat
 + Level 4.3 Spellcasting
 + Level 3.5 Conjurations
 + Level 3.5 Hexes
 + Level 3.5 Summonings
 + Level 3.5 Necromancy
 + Level 3.5 Translocations
 + Level 3.5 Transmutations
 + Level 3.5 Fire Magic
 + Level 3.5 Ice Magic
 + Level 3.5 Air Magic
 + Level 3.5 Earth Magic
 + Level 3.5 Poison Magic
 + Level 4.7 Invocations
 + Level 6.3 Evocations


You had 11 spell levels left.
You knew the following spells:

 Your Spells              Type           Power      Damage    Failure   Level
a - Passwall              Tmut/Erth      15%        N/A       11%         2
b - Blink                 Tloc           38%        N/A       11%         2
c - Apportation           Tloc           38%        N/A       7%          1

Your spell library contained the following spells:

 Spells                   Type           Power      Damage    Failure   Level
 Beastly Appendage        Tmut           38%        N/A       7%          1
 Foxfire                  Conj/Fire      76%        2x1d7     7%          1
 Necrotize                Necr           76%        1d7       7%          1
 Sandblast                Erth           38%        2d10      7%          1
 Summon Small Mammal      Summ           76%        N/A       7%          1
 Ensorcelled Hibernation  Hex/Ice        38%        N/A       11%         2
 Wereblood                Tmut           19%        N/A       11%         2
 Conjure Flame            Conj/Fire      19%        6-21      21%         3
 Gell's Gravitas          Tloc           19%        N/A       21%         3
 Inner Flame              Hex/Fire       19%        N/A       21%         3
 Lesser Beckoning         Tloc           19%        N/A       21%         3
 Spider Form              Tmut/Pois      19%        N/A       21%         3
 Stone Arrow              Conj/Erth      38%        3d9       21%         3
 Swiftness                Air            19%        N/A       21%         3
 Teleport Other           Tloc           19%        N/A       21%         3
 Flame Wave               Conj/Fire      19%        2d6       56%         4
 Summon Lightning Spire   Summ/Air       19%        N/A       56%         4
 Manifold Assault         Tloc           19%        N/A       88%         5
 Summon Forest            Summ/Tloc      9%         N/A       88%         5
 Eringya's Noxious Bog    Tmut/Pois      9%         N/A       100%        6
 Storm Form               Tmut/Air       9%         N/A       100%        7
 Summon Hydra             Summ           9%         N/A       100%        7
 Maxwell's Capacitive Co  Air            9%         ∞         100%        8


Dungeon Overview and Level Annotations

Branches:
Dungeon (8/15)             Temple (0/1) D:7         Ossuary (visited)
   Lair: D:8-11

Altars:
Fedhas
Gozag
Qazlal
Ru
Trog
Uskayaw
Vehumet
Wu Jian
Zin

Shops:
D:6 [

Annotations:
D:5 3 runed translucent doors, DocClef's ghost, amateur DrDe; Myro's ghost, amateur FoHu


Innate Abilities, Weirdness & Mutations

You have very sharp teeth.
Your uncanny sense of smell can sniff out nearby items.
Your experience applies equally to all skills.


Message History

The gnoll hits you with a +1 flail of draining.
You feel drained. The gnoll barely misses you. The redback barely misses you.
You are too injured to fight recklessly!
You are too injured to fight recklessly!
You are too injured to fight recklessly!
You are too injured to fight recklessly!
You are too injured to fight recklessly!
You are too injured to fight recklessly!
You are too injured to fight recklessly!
You are too injured to fight recklessly!
You are too injured to fight recklessly!
You are too injured to fight recklessly!
You are too injured to fight recklessly!
You are too injured to fight recklessly!
You are too injured to fight recklessly!
You are too injured to fight recklessly!
You thump the redback!
The redback is moderately wounded.
You feel extremely sick. You block the redback's attack.
The gnoll hits you with a +1 flail of draining!
You feel drained. The gnoll misses you.
Casting: Blink (safe; 11% risk of failure)
Confirm with . or Enter, or press ? or * to list all spells.
You blink.
* * * LOW HITPOINT WARNING * * *
You feel extremely sick.
It was a potion of magic.
Magic courses through your body.
* * * LOW HITPOINT WARNING * * *
You feel extremely sick.
The redback changes into an eye of devastation!
Okay, then.
It was a potion of flight.
You feel very buoyant.
You fly up into the air.
* * * LOW HITPOINT WARNING * * *
You feel very sick.
It was a potion of brilliance.
You feel clever all of a sudden.
You die...

######## #.))...#
###)'###.#
#..@...#.#
###.8..8.#.#
#.'......'.#
#.'.....g'G########
#.#.8..8.#g))......
#.#......#.......#.
#.###''#########...
#.##...# # #....###
### ∆


You could see an eye of devastation shaped shifter and 2 gnolls.

Vanquished Creatures
  Menkaure (D:6)
  A water moccasin (D:6)
  An orc warrior (D:8)
  2 ice beasts
  A black bear (D:7)
  A centaur (D:8)
  2 ogres
  A phantom (D:5)
  2 kobold brigands
  A necrophage (D:7)
  3 scorpions
  5 wights (D:5)
  3 jellies
  2 gnoll shamans
  2 orc priests
  3 hounds (D:5)
  6 iguanas
  4 orc wizards
  6 mummies
  11 gnolls
  7 adders
  4 white imps
  A worm (D:4)
  2 dart slugs
  15 orcs
  7 ball pythons
  6 endoplasms
  2 giant cockroaches
  9 hobgoblins
  3 quokkas
  5 bats
  7 goblins
  4 hobgoblin zombies (Ossuary)
  6 kobolds
  5 rats
141 creatures vanquished.

Vanquished Creatures (others)
  An ogre (D:5)
  24 fungi (D:6)
25 creatures vanquished.

Grand Total: 166 creatures vanquished

Notes
Turn   | Place    | Note
-------+----------+-------------------------------------------
     0 | D:1      | frimble the Gnoll Wanderer began the quest for the Orb.
     0 | D:1      | frimble set off with the following items: a +2 mace, a +0
                  | hand crossbow, a wand of flame (6), a scroll of fog, a +0
                  | leather armour.
     0 | D:1      | Reached XP level 1. HP: 17/17 MP: 1/1
   490 | D:1      | Reached XP level 2. HP: 22/23 MP: 2/2
   989 | D:1      | Found a faded altar of an unknown god.
  1162 | D:2      | Found an opulent altar of Gozag.
  1278 | D:2      | Reached XP level 3. HP: 25/28 MP: 3/3
  1281 | D:2      | Learned a level 2 spell: Passwall
  2124 | D:3      | Reached skill level 1 in Invocations
  2369 | D:3      | Reached skill level 1 in Short Blades
  2369 | D:3      | Reached skill level 1 in Long Blades
  2369 | D:3      | Reached skill level 1 in Axes
  2369 | D:3      | Reached skill level 1 in Polearms
  2369 | D:3      | Reached skill level 1 in Staves
  2369 | D:3      | Reached skill level 1 in Slings
  2369 | D:3      | Reached skill level 1 in Bows
  2369 | D:3      | Reached skill level 1 in Throwing
  2369 | D:3      | Reached skill level 1 in Stealth
  2369 | D:3      | Reached skill level 1 in Shields
  2369 | D:3      | Reached skill level 1 in Unarmed Combat
  2369 | D:3      | Reached skill level 1 in Spellcasting
  2383 | D:3      | Reached XP level 4. HP: 19/34 MP: 5/5
  2386 | D:3      | Learned a level 2 spell: Blink
  3023 | D:3      | Noticed a scorpion
  3130 | D:4      | Noticed an ogre
  3152 | D:4      | Identified the +8 flail of Light {chaos, rC+}
  3158 | D:4      | Killed an ogre
  3159 | D:4      | Reached skill level 1 in Conjurations
  3159 | D:4      | Reached skill level 1 in Hexes
  3159 | D:4      | Reached skill level 1 in Summonings
  3159 | D:4      | Reached skill level 1 in Necromancy
  3159 | D:4      | Reached skill level 1 in Translocations
  3159 | D:4      | Reached skill level 1 in Transmutations
  3159 | D:4      | Reached skill level 1 in Fire Magic
  3159 | D:4      | Reached skill level 1 in Ice Magic
  3159 | D:4      | Reached skill level 1 in Air Magic
  3159 | D:4      | Reached skill level 1 in Earth Magic
  3159 | D:4      | Reached skill level 1 in Poison Magic
  3159 | D:4      | Reached XP level 5. HP: 40/40 MP: 5/7
  3516 | D:4      | Found a sacrificial altar of Ru.
  3517 | D:4      | Found a blossoming altar of Fedhas.
  3518 | D:4      | Found a bloodstained altar of Trog.
  3518 | D:4      | Found a stormy altar of Qazlal.
  3629 | D:4      | Identified the +2 pair of boots of Tofez {rF+}
  3680 | D:3      | Reached XP level 6. HP: 47/47 MP: 8/8
  4017 | D:5      | Entered Level 5 of the Dungeon
  4078 | D:5      | Reached skill level 5 in Crossbows
  4078 | D:5      | Reached skill level 5 in Evocations
  4127 | D:5      | Reached XP level 7. HP: 30/52 MP: 7/10
  4134 | D:5      | Reached skill level 7 in Maces & Flails
  4221 | D:6      | Reached XP level 8. HP: 45/60 MP: 9/12
  4242 | D:6      | Found an ornate altar of the Wu Jian Council.
  4286 | D:6      | Found a glowing silver altar of Zin.
  4396 | D:6      | Noticed Menkaure
  4401 | D:6      | Killed Menkaure
  4685 | D:5      | Found a runed translucent gate.
  4685 | D:5      | Found a runed translucent gate.
  4685 | D:5      | Found a runed translucent gate.
  4686 | D:5      | Noticed Myro's ghost (amateur FoHu)
  4687 | D:5      | Noticed DocClef's ghost (amateur DrDe)
  5065 | D:6      | Found a radiant altar of Vehumet.
  5148 | D:6      | Found Qeel's Antique Armour Boutique.
  5156 | D:6      | Bought a pair of glowing boots for 225 gold pieces
  5303 | D:7      | Reached XP level 9. HP: 66/66 MP: 14/14
  5350 | D:7      | Found a hide-covered altar of Uskayaw.
  5353 | D:7      | Noticed a +0 hand axe
  5354 | D:7      | Noticed a +0 hand axe
  5626 | D:7      | Found a sand-covered staircase.
  5634 | Ossuary  | Entered an ossuary
  5762 | D:7      | Found a staircase to the Ecumenical Temple.
  5879 | D:8      | Learned a level 1 spell: Apportation
  5885 | D:8      | Reached skill level 5 in Fighting
  5885 | D:8      | Reached skill level 5 in Armour
  5885 | D:8      | Reached skill level 5 in Dodging
  6267 | D:8      | Noticed a glowing shapeshifter
  6267 | D:8      | a gnoll sergeant changed into a glowing shapeshifter
  6267 | D:8      | a glowing shapeshifter changed into a redback
  6273 | D:8      | Noticed an eye of devastation
  6273 | D:8      | a redback changed into an eye of devastation
  6274 | D:8      | HP: 3/65 [poisoned by a redback]
  6275 | D:8      | Succumbed to a redback's poison

Illustrated notes

Levels and vault maps discovered:
D:1:      dpeg_arrival_arbitrary_c, layout_loops_ring,
          shapermc_ecumenical_altar_mp_vishouse
D:2:      layout_basic, basic_altar, minmay_misc_feat_square
D:3:      minmay_inner_zag, layout_basic
D:4:      layout_basic, mainiacjoe_overflow_alcove_3, minmay_circle_x
D:5:      layout_rooms, gammafunk_ghost_cemetery, minmay_misc_feat_plants
D:6:      layout_loops_cross, minitemple, mainiacjoe_overflow_cross_hatched,
          serial_shops, nicolae_shop_overgrown_old_shop, uniq_menkaure
D:7:      layout_rooms, dancing_weapons_uskayaw,
          minmay_temple_entry_enclosed_plants, gup_ossuary_entry_pyramid
D:8:      layout_loops_ring, st_stairs_12, kennysheep_generic_room_15

Skill      XL: |  1  2  3  4  5  6  7  8  9 |
---------------+----------------------------+-----
Invocations    | 1 2 3 4 |  4.7
Short Blades   | 1 2 3 4 |  4.3
Long Blades    | 1 2 3 4 |  4.3
Axes           | 1 2 3 4 |  4.3
Polearms       | 1 2 3 4 |  4.3
Staves         | 1 2 3 4 |  4.3
Slings         | 1 2 3 4 |  4.3
Bows           | 1 2 3 4 |  4.3
Throwing       | 1 2 3 4 |  4.3
Stealth        | 1 2 3 4 |  4.3
Shields        | 1 2 3 4 |  4.3
Unarmed Combat | 1 2 3 4 |  4.3
Spellcasting   | 1 2 3 4 |  4.3
Conjurations   | 1 2 3 |  3.5
Hexes          | 1 2 3 |  3.5
Summonings     | 1 2 3 |  3.5
Necromancy     | 1 2 3 |  3.5
Translocations | 1 2 3 |  3.5
Transmutations | 1 2 3 |  3.5
Fire Magic     | 1 2 3 |  3.5
Ice Magic      | 1 2 3 |  3.5
Air Magic      | 1 2 3 |  3.5
Earth Magic    | 1 2 3 |  3.5
Poison Magic   | 1 2 3 |  3.5
Fighting       | 3 4 5 |  5.1
Armour         | 3 4 5 |  5.1
Dodging        | 3 4 5 |  5.1
Crossbows      | 5 6 |  6.3
Evocations     | 5 6 |  6.3
Maces & Flails | 7 |  7.9

Action                   |  1- 3 |  4- 6 |  7- 9 || total
-------------------------+-------+-------+-------++-------
Melee: Mace              |   112 |     7 |       ||   119
       Bite              |    12 |     4 |    19 ||    35
       Flail             |       |    43 |   186 ||   229
 Cast: Blink             |       |     1 |     2 ||     3
Evoke: Wand              |       |     2 |     7 ||     9
  Use: Scroll            |     7 |       |     2 ||     9
       Potion            |       |     4 |     4 ||     8
 Stab: Sleeping          |       |     1 |     8 ||     9
       Invisible         |       |     2 |       ||     2
       Confused          |       |       |     2 ||     2
Armor: Leather armour    |    35 |    13 |    39 ||    87
Dodge: Dodged            |    62 |    25 |   103 ||   190
Block: Buckler           |       |    17 |    79 ||    96

Table legend: (Time is in decaauts)
 A = Elapsed time spent in this place.
 B = Non-inter-level travel time spent in this place.
 C = Inter-level travel time spent in this place.
 D = Time resting spent in this place.
 E = Time spent auto-exploring this place.
 F = Levels seen in this place.
 G = Mean time per level.
                   A        B        C        D        E       F      G
               +--------+--------+--------+--------+--------+-----+--------+
         Total |   6304 |   6028 |    276 |      0 |   5016 |   9 |  700.4 |
       Dungeon |   6217 |   5941 |    276 |      0 |   4977 |   8 |  777.1 |
       Ossuary |     86 |     86 |      0 |      0 |     39 |   1 |   86.0 |
               +--------+--------+--------+--------+--------+-----+--------+

Top non-repeatable levels by time:
     D:3: 1320 daAuts
     D:1: 1161 daAuts
     D:2: 901 daAuts
     D:4: 690 daAuts
     D:6: 658 daAuts
     D:5: 591 daAuts
     D:8: 455 daAuts
     D:7: 440 daAuts
 Ossuary: 86 daAuts
